 Dungeon Crawl Stone Soup version 0.26-a0-651-gb41185065b (webtiles) character file.

Game seed: 16712306361842032208

29 Flugslaktarn the Covered (level 3, 26/34 HPs)
             Began as a Deep Dwarf Fighter on Oct 22, 2020.
             Quit the game on level 3 of the Dungeon.
             The game lasted 00:00:34 (409 turns).

Flugslaktarn the Covered (Deep Dwarf Fighter)        Turns: 409, Time: 00:00:35

Health: 26/34      AC:  6    Str: 19    XL:     3   Next: 1%
Magic:  3/3        EV:  7    Int:  8    God:
Gold:   20         SH:  9    Dex: 13    Spells: 2/2 levels left

rFire    . . .     SeeInvis .   a - +0 war axe
rCold    . . .     Faith    .   c - +0 kite shield
rNeg     . . .     Spirit   .   b - +0 scale mail
rPois    .         Reflect  .   (no helmet)
rElec    .         Harm     .   (no cloak)
rCorr    .         Rampage  .   (no gloves)
MR       .....                  (no boots)
Stlth    ..........             (no amulet)
HPRegen  0.00/turn              (no ring)
MPRegen  0.08/turn              (no ring)

@: non-regenerating
A: damage resistance, heal wounds, sense surroundings 1, no regeneration
a: Heal Wounds


You were on level 3 of the Dungeon.
You visited 1 branch of the dungeon, and saw 3 of its levels.

You collected 20 gold pieces.

Inventory:

Hand Weapons
 a - a +0 war axe (weapon)
Armour
 b - a +0 scale mail (worn)
 c - a +0 kite shield (worn)
Scrolls
 f - 2 scrolls of remove curse {unknown}
 g - a scroll of random uselessness {unknown}
Potions
 d - a potion of might
 e - 2 potions of berserk rage {unknown}
 h - a potion of invisibility {unknown}


   Skills:
 * Level 3.1 Fighting
 * Level 2.8 Axes
 + Level 3.5 Armour
 + Level 3.5 Shields


You had 2 spell levels left.
You didn't know any spells.
Your spell library was empty.

Dungeon Overview and Level Annotations

Branches:
Dungeon (3/15)

Altars:


Innate Abilities, Weirdness & Mutations

You are resistant to damage.
You can heal yourself by infusing magical energy.
You passively map a small area around you.
You do not regenerate.


Message History

You climb downwards.
Found 10 gold pieces.
There is a stone staircase leading up here.
A hobgoblin comes into view.
A hobgoblin is nearby!
Found a mace.
The hobgoblin hits you but does no damage.
You hit the hobgoblin.
The hobgoblin is heavily wounded.
You block the hobgoblin's attack.
You hit the hobgoblin.
You kill the hobgoblin!
You have reached level 3!
Your experience leads to an increase in your attributes!
Increase (s)trength, (i)ntelligence, or (d)exterity?
You feel agile.
Save game and exit?
Welcome back, Flugslaktarn the Deep Dwarf Fighter.
Press ? for a list of commands and other information.
Are you sure you want to abandon this character and quit the game? (Confirm with "yes".)

* * . . ,* *,
.#. * ##### #..,
,* , ........#,
, ..#...#.. , ,
........# ,
,..#...#.# *
......$@###.###
#######...)....,
* #.####### *
#.# , * #<# #.#
* #.# ..# , * ,
, * ### *


There were no monsters in sight!

Vanquished Creatures
  An ooze (D:1)
  4 bats (D:1)
  A giant cockroach (D:2)
  7 goblins (D:1)
  5 hobgoblins
  2 jackals (D:1)
  A rat (D:1)
21 creatures vanquished.

Notes
Turn   | Place    | Note
-------+----------+-------------------------------------------
     0 | D:1      | Flugslaktarn the Deep Dwarf Fighter began the quest for the
                  | Orb.
     0 | D:1      | Reached XP level 1. HP: 20/20 MP: 1/1
   164 | D:1      | Reached XP level 2. HP: 22/27 MP: 2/2
   408 | D:3      | Reached XP level 3. HP: 26/34 MP: 3/3
   409 | D:3      | Quit the game

Illustrated notes

Levels and vault maps discovered:
D:1:      lightli_arrival_isolated_outpost, layout_loops_corners
D:2:      layout_basic, lemuel_zombie_altar_kikubaaqudgha, minmay_pentomino_o4,
          uniq_terence
D:3:      layout_loops_ring, lemuel_coloured_pillars_altar, lemuel_crystal_altar

Skill      XL: |  1  2 |
---------------+-------+-----
Fighting       | 3 |  3.1
Axes           | |  2.8
Armour         | |  3.5
Shields        | |  3.5

Action                   || total
-------------------------++-------
Melee: War axe           ||    62
Armor: Scale mail        ||    27
Dodge: Dodged            ||    17
Block: Kite shield       ||    33

Table legend: (Time is in decaauts)
 A = Elapsed time spent in this place.
 B = Non-inter-level travel time spent in this place.
 C = Inter-level travel time spent in this place.
 D = Time resting spent in this place.
 E = Time spent auto-exploring this place.
 F = Levels seen in this place.
 G = Mean time per level.
                   A        B        C        D        E       F      G
               +--------+--------+--------+--------+--------+-----+--------+
         Total |    440 |    420 |     20 |      0 |    256 |   3 |  146.7 |
       Dungeon |    440 |    420 |     20 |      0 |    256 |   3 |  146.7 |
               +--------+--------+--------+--------+--------+-----+--------+

Top non-repeatable levels by time:
     D:1: 420 daAuts
     D:2: 11 daAuts
     D:3: 7 daAuts
